 Dungeon Sprint DCSS version 0.18.1-48-g4cf74bf (webtiles) character file.

1406 rageheart7 the Grappler (level 8, -2/88 HPs)
             Began as a Troll Berserker on Aug 9, 2016.
             Was an Elder of Trog.
             Slain by a seven-headed hydra (5 damage)
             ... in the Dungeon (Sprint IX: "|||||||||||||||||||||||||||||").
             The game lasted 00:02:29 (427 turns).

rageheart7 the Grappler (Troll Berserker)            Turns: 427, Time: 00:02:30

Health: -2/88      AC:  9    Str: 36    XL:     8   Next: 42%
Magic:  6/6        EV: 12    Int:  3    God:    Trog [****..]
Gold:   13         SH:  0    Dex:  8    Spells: 0 memorised, 7 levels left

rFire  . . .     SeeInvis .       - Unarmed
rCold  . . .     Gourm    +     a - +0 animal skin
rNeg   . . .     Faith    .     (no shield)
rPois  .         Spirit   .     (helmet restricted)
rElec  .         Dismiss  .     (no cloak)
rCorr  .         Reflect  .     (gloves unavailable)
SustAt .         Harm     .     (boots unavailable)
MR     .....     NoTele   +     (no amulet)
Stlth  +.........               m - +3 ring of strength
                                l - +3 ring of strength

@: not resistant to hostile enchantments, very unstealthy
A: unfitting armour, claws 3, rough black scales 1, fast metabolism 3, gourmand,
low mp 1, regeneration 2, shaggy fur 1, strong 1, tough skin 2
a: Berserk, Trog's Hand, Brothers in Arms, Burn Spellbooks, Renounce Religion


You were in the Dungeon.
You worshipped Trog.
Trog was greatly pleased with you.
You were very full.

You visited 1 branch You collected 13 gold pieces.

Inventory:

Armour
 a - a +0 animal skin (worn)
Jewellery
 l - a +3 ring of strength (left claw)
 m - a +3 ring of strength (right claw)
Wands
 k - a wand of iceblast (7/15)
Scrolls
 h - 2 scrolls of blinking
 j - 6 scrolls of remove curse
 n - 2 scrolls of fog
Potions
 c - 5 potions of curing
 d - 6 potions of heal wounds
 e - a potion of agility
 f - 4 potions of magic
 g - a potion of berserk rage
Comestibles
 b - 2 bread rations


   Skills:
 + Level 7.7 Fighting
 + Level 8.3 Dodging
 * Level 13.7 Unarmed Combat


You had 7 spell levels left.
You didn't know any spells.

Dungeon Overview and Level Annotations

Branches:
Dungeon (1/1)

Altars:
Cheibriados
Dithmenos
Elyvilon
Fedhas
Gozag
Kikubaaqudgha
Makhleb
Nemelex Xobeh
Okawaru
Pakellas
Qazlal
Ru
Sif Muna
Trog
Vehumet
Xom
Yredelemnul
Zin
The Shining One
Beogh
Jiyva
Lugonu


Innate Abilities, Weirdness & Mutations

You are too large for most types of armour.
You have claws for hands.
Your metabolism is lightning-fast.
You like to eat raw meat.
You heal very quickly.
You are covered in fur (AC +1).
You have very tough skin (AC +2).
You are partially covered in rough black scales (AC +4, Dex -1).
Your magical capacity is low (-10% MP).
Your muscles are strong. (Str +2)


Message History

The six-headed hydra misses you. The six-headed hydra bites you!
The six-headed hydra bites you but does no damage.
You barely miss the six-headed hydra.
The six-headed hydra is severely wounded.
The six-headed hydra bites you!
The six-headed hydra completely misses you.
The six-headed hydra bites you!
* * * LOW HITPOINT WARNING * * *
The six-headed hydra bites you but does no damage.
The six-headed hydra bites you.
* * * LOW HITPOINT WARNING * * *
The six-headed hydra bites you!
* * * LOW HITPOINT WARNING * * *
You claw one of the six-headed hydra's heads off!
The five-headed hydra grows two more!
You claw the seven-headed hydra!
The seven-headed hydra is heavily wounded.
The seven-headed hydra bites you.
* * * LOW HITPOINT WARNING * * *
The seven-headed hydra bites you.
You die...

▓▓▓▓▓▓▓▓▓▓▓▓▓▓▓▓▓▓▓▓▓▓▓▓▓▓▓▓▓
▓.......'....@DHSSrYl.'....Yl
▓.▓▓▓▓▓▓▓▓▓▓▓▓▓▓▓▓▓▓▓▓▓▓▓▓▓▓▓▓
▓.............................
▓▓▓▓▓▓▓▓▓▓▓▓▓▓▓▓▓▓▓▓▓▓▓▓▓▓▓▓▓▓
▓<...').)..'.....'____________
▓▓▓▓▓▓▓▓▓▓▓▓▓▓▓▓▓▓▓▓▓▓▓▓▓▓▓▓▓▓


You could see a seven-headed hydra, a komodo dragon, a yak, a hippogriff, 2
water moccasins and a porcupine.

Vanquished Creatures
  An ugly thing (D)
  A slime creature (D)
  A vampire (D)
  A basilisk (D)
  An ogre (D)
  2 orc warriors (D)
  A black bear (D)
  A phantom (D)
  A crimson imp (D)
  A hound (D)
  An adder (D)
  A dart slug (D)
  A bat skeleton (D)
  A bat zombie (D)
  A giant cockroach (D)
  A goblin (D)
  A hobgoblin (D)
  A jackal (D)
  A ball python skeleton (D)
  A bat (D)
  A giant newt (D)
22 creatures vanquished.

Notes
Turn   | Place    | Note
--------------------------------------------------------------
     0 | D        | rageheart7 the Troll Berserker began the quest for the Orb.
     0 | D        | Reached XP level 1. HP: 22/22 MP: 0/0
    10 | D        | Reached ** piety under Trog
    25 | D        | Noticed a phantom
    25 | D        | Noticed a crimson imp
    33 | D        | Reached XP level 2. HP: 31/31 MP: 1/1
    35 | D        | Killed a crimson imp
    35 | D        | Reached *** piety under Trog
    35 | D        | Reached skill level 5 in Unarmed Combat
    35 | D        | Reached XP level 3. HP: 39/39 MP: 2/2
    59 | D        | Killed a phantom
    59 | D        | Reached skill level 7 in Unarmed Combat
    59 | D        | Reached XP level 4. HP: 13/49 MP: 3/3
    98 | D        | Found a glowing silver altar of Zin.
    98 | D        | Found a glowing golden altar of the Shining One.
    98 | D        | Found an ancient bone altar of Kikubaaqudgha.
    98 | D        | Found a basalt altar of Yredelemnul.
    98 | D        | Found a shimmering altar of Xom.
    98 | D        | Found a radiant altar of Vehumet.
    99 | D        | Found an iron altar of Okawaru.
   100 | D        | Found a burning altar of Makhleb.
   101 | D        | Found a deep blue altar of Sif Muna.
   102 | D        | Found a bloodstained altar of Trog.
   103 | D        | Found a sparkling altar of Nemelex Xobeh.
   104 | D        | Found a white marble altar of Elyvilon.
   105 | D        | Found a roughly hewn altar of Beogh.
   106 | D        | Found a viscous altar of Jiyva.
   107 | D        | Found a corrupted altar of Lugonu.
   108 | D        | Found a blossoming altar of Fedhas.
   109 | D        | Found a snail-covered altar of Cheibriados.
   110 | D        | Found a shadowy altar of Dithmenos.
   111 | D        | Found a stormy altar of Qazlal.
   112 | D        | Found an opulent altar of Gozag.
   113 | D        | Found a sacrificial altar of Ru.
   114 | D        | Found an oddly glowing altar of Pakellas.
   142 | D        | Noticed an orc warrior
   142 | D        | Noticed a black bear
   142 | D        | Noticed an orc warrior
   149 | D        | Killed an orc warrior
   149 | D        | Reached skill level 5 in Fighting
   149 | D        | Reached skill level 5 in Dodging
   149 | D        | Reached skill level 9 in Unarmed Combat
   149 | D        | Reached XP level 5. HP: 47/57 MP: 4/4
   152 | D        | Reached **** piety under Trog
   155 | D        | Killed a black bear
   155 | D        | Reached skill level 10 in Unarmed Combat
   155 | D        | Reached XP level 6. HP: 56/67 MP: 5/5
   159 | D        | Killed an orc warrior
   182 | D        | Noticed a basilisk
   182 | D        | Noticed a vampire
   182 | D        | Noticed a slime creature
   182 | D        | Noticed a red ugly thing
   197 | D        | Killed a basilisk
   197 | D        | Reached ***** piety under Trog
   197 | D        | Reached skill level 11 in Unarmed Combat
   197 | D        | Reached XP level 7. HP: 64/76 MP: 6/6
   206 | D        | Killed a vampire
   206 | D        | Received a gift from Trog
   206 | D        | Reached skill level 12 in Unarmed Combat
   211 | D        | Killed a slime creature
   211 | D        | Reached XP level 8. HP: 61/87 MP: 7/7
   220 | D        | Killed a red ugly thing
   220 | D        | Reached skill level 13 in Unarmed Combat
   226 | D        | Gained mutation: You are partially covered in rough black scales (AC +4, Dex -1). [mutagenic meat]
   227 | D        | Gained mutation: Your magical capacity is low (-10% MP). [mutagenic meat]
   228 | D        | Gained mutation: Your muscles are strong. (Str +2) [mutagenic meat]
   408 | D        | Noticed a six-headed hydra
   411 | D        | Noticed a komodo dragon
   427 | D        | HP: 3/88 [seven-headed hydra (5)]
   427 | D        | Slain by a seven-headed hydra

Skill      XL: |  1  2  3  4  5  6  7  8 |
---------------+-------------------------+-----
Dodging        | 3 4 5 6 7 8 |  8.3
Fighting       | 3 4 5 6 7 |  7.7
Unarmed Combat | 5 7 9 10 11 12 13 | 13.7

Action                   |  1- 3 |  4- 6 |  7- 9 || total
-------------------------+-------+-------+-------++-------
Melee: Unarmed           |    35 |    16 |    26 ||    77
       Punch             |       |     2 |     2 ||     4
Invok: Berserk           |     1 |     1 |       ||     2
       Trog's Hand       |       |     1 |       ||     1
       Brothers in Arms  |       |       |     2 ||     2
  Use: Potion            |       |     3 |     4 ||     7
 Stab: Invisible         |       |     2 |       ||     2
  Eat: Chunk             |       |     6 |     8 ||    14
Armor: Animal skin       |     5 |     5 |     9 ||    19
Dodge: Dodged            |    13 |     8 |    15 ||    36
